 Dungeon Crawl Stone Soup version 0.27-a0-1006-g1fd4cec11e (webtiles) character file.

Game seed: 10317826962854423317

26 siradein the Slasher (level 2, -12/22 HPs)
             Began as a Vampire Gladiator on Apr 17, 2021.
             Killed by divine providence
             ... invoked by an orc priest
              (14 damage)
             ... on level 2 of the Dungeon.
             The game lasted 00:01:03 (695 turns).

siradein the Slasher (Vampire Gladiator)             Turns: 695, Time: 00:01:04

Health: -12/22     AC:  6    Str: 13    XL:     2   Next: 89%
Magic:  2/2        EV: 12    Int: 10    God:
Gold:   17         SH:  0    Dex: 15    Spells: 1/1 levels left

rFire    . . .     SeeInvis +   a - +0 long sword
rCold    . . .     Faith    .   (no shield)
rNeg     . . .     Spirit   .   b - +0 leather armour
rPois    .         Reflect  .   c - +0 helmet
rElec    .         Harm     .   (no cloak)
rCorr    .         Rampage  .   i - +0 pair of gloves
Will     .....                  f - +0 pair of boots
Stlth    +.........             (no amulet)
HPRegen  0.27/turn              (no ring)
MPRegen  0.08/turn              (no ring)

@: regenerating quickly
A: alive, fangs 3, see invisible, unbreathing 1, vampiric 1
a: Exsanguinate


You were on level 2 of the Dungeon.
You visited 1 branch of the dungeon, and saw 2 of its levels.

You collected 17 gold pieces.

Inventory:

Hand Weapons
 a - a +0 long sword (weapon)
Missiles
 d - 3 throwing nets
 g - 20 poisoned darts (quivered)
Armour
 b - a +0 leather armour (worn)
 c - a +0 helmet (worn)
 f - a +0 pair of boots (worn)
 i - a +0 pair of gloves (worn)
Jewellery
 h - an amulet of guardian spirit
Scrolls
 e - 2 scrolls of identify {unknown}


   Skills:
 - Level 1.7 Fighting
 + Level 4.1 Long Blades
 - Level 1.5 Throwing
 - Level 3.2 Dodging


You had one spell level left.
You didn't know any spells.
Your spell library was empty.

Dungeon Overview and Level Annotations

Branches:
Dungeon (2/15)

Altars:


Innate Abilities, Weirdness & Mutations

Your natural rate of healing is unusually fast.
You have razor-sharp teeth.
You have supernaturally acute eyesight. (SInv)
You can survive without breathing.
You are afflicted with vampirism.


Message History

[Y]es or [N]o only, please.
Keep equipping yourself? [Y]es or [N]o only, please.
Keep equipping yourself?
You continue putting on your +0 pair of gloves. x3
The orc priest shouts!
You finish putting on your +0 pair of gloves.
You hit the orc but do no damage. The orc hits you with a +0 club.
You hit the orc.
The orc is severely wounded.
The orc hits you but does no damage.
You hit the orc.
You kill the orc!
The orc priest calls down the wrath of Beogh upon you.
Beogh smites you!
Ouch! That really hurt!
The hobgoblin barely misses you. The hobgoblin closely misses you.
You riposte.
You closely miss the hobgoblin. You slash the orc priest!
The orc priest is heavily wounded.
The orc priest closely misses you.
You riposte.
You hit the orc priest.
The orc priest is severely wounded.
The hobgoblin hits you but does no damage.
You closely miss the orc priest.
The orc priest is severely wounded.
The orc priest hits you with a +0 flail.
* * * LOW HITPOINT WARNING * * *
The hobgoblin closely misses you.
The orc priest miscasts a cantrip.
A dart slug comes into view.
You hit the orc priest. Your bite misses the orc priest.
The orc priest is severely wounded.
The orc priest barely misses you.
You riposte.
You hit the orc priest.
You bite the orc priest, but do no damage.
The orc priest is almost dead.
The hobgoblin closely misses you.
The orc priest calls down the wrath of Beogh upon you.
Beogh smites you!
Ouch! That really hurt!
You die...

# .. .≈.≈.≈w #. #.
.≈..o.♣ #..#.# .≈.≈.≈.
#########.#..#..#.≈.≈..≈
#.......#.......#.≈o≈≈≈
#.......# #........♣≈♣#.
#.......#.##.#...g..≈..≈
...........#....@o......
#.......#..#............
#.<....###+###....####..
#......#≈≈≈≈≈#...##
...#####≈≈≈≈≈#..## ####
#≈≈≈≈≈#.## ### #≈≈≈≈≈#)#
P.## #'# #.# ♣P.## #.#
#.#


You could see 2 orc priests, a dart slug, an orc and a hobgoblin.

Vanquished Creatures
  A worm (D:2)
  A dart slug (D:1)
  An orc (D:2)
  3 ball pythons
  4 endoplasms
  A giant cockroach (D:1)
  A hobgoblin (D:1)
  3 kobolds
  A quokka (D:1)
  A frilled lizard (D:1)
  3 rats
20 creatures vanquished.

Notes
Turn   | Place    | Note
-------+----------+-------------------------------------------
     0 | D:1      | siradein the Vampire Gladiator began the quest for the Orb.
     0 | D:1      | Reached XP level 1. HP: 16/16 MP: 1/1
   201 | D:1      | Reached XP level 2. HP: 22/22 MP: 2/2
   619 | D:2      | Found a faded altar of an unknown god.
   655 | D:2      | Reached skill level 4 in Long Blades
   694 | D:2      | HP: 1/22 [orc priest/+0 flail (6)]
   695 | D:2      | Killed from afar by an orc priest

Illustrated notes

Levels and vault maps discovered:
D:1:      lightli_iron_boxes, layout_rooms, serial_rivers,
          chequers_serial_rivers_micro_b, chequers_serial_rivers_micro_a,
          chequers_serial_rivers_small_a, chequers_serial_rivers_large_a,
          chequers_serial_rivers_micro_d, chequers_serial_rivers_micro_e
D:2:      layout_loops_cross, ebering_ecumenical_altar_petrified, serial_rivers,
          chequers_serial_rivers_micro_a, chequers_serial_rivers_micro_b,
          chequers_serial_rivers_marsh, chequers_serial_rivers_room_b

Skill      XL: |  1  2 |
---------------+-------+-----
Long Blades    | 4 |  4.1
Fighting       | |  1.7
Throwing       | |  1.5
Dodging        | |  3.2

Action                   || total
-------------------------++-------
Melee: Long sword        ||    46
       Bite              ||     8
Armor: Leather armour    ||    14
Dodge: Dodged            ||    35
       Rpst.: Long sword ||    11

Table legend: (Time is in decaauts)
 A = Elapsed time spent in this place.
 B = Non-inter-level travel time spent in this place.
 C = Inter-level travel time spent in this place.
 D = Time resting spent in this place.
 E = Time spent auto-exploring this place.
 F = Levels seen in this place.
 G = Mean time per level.
                   A        B        C        D        E       F      G
               +--------+--------+--------+--------+--------+-----+--------+
         Total |    718 |    670 |     48 |      0 |    531 |   2 |  359.0 |
       Dungeon |    718 |    670 |     48 |      0 |    531 |   2 |  359.0 |
               +--------+--------+--------+--------+--------+-----+--------+

Top non-repeatable levels by time:
     D:1: 615 daAuts
     D:2: 102 daAuts
